 Dungeon Crawl Stone Soup version 0.26-a0-474-gfaca0e1de5 (webtiles) character file.

Game seed: 6904419312904921057

853 Bikalo the Skirmisher (level 8, -1/73 HPs)
             Began as a Hill Orc Monk on July 31, 2020.
             Slain by a centaur warrior (11 damage)
             ... on level 5 of the Dungeon.
             The game lasted 00:15:14 (6354 turns).

Bikalo the Skirmisher (Hill Orc Monk)               Turns: 6354, Time: 00:15:15

Health: -1/73      AC: 10    Str: 16    XL:     8   Next: 1%
Magic:  8/8        EV: 12    Int: 10    God:
Gold:   317        SH:  0    Dex: 13    Spells: 7/7 levels left

rFire    . . .     SeeInvis +   a - +0 spear
rCold    . . .     Faith    .   (no shield)
rNeg     . . .     Spirit   .   j - +1 ring mail {MR+}
rPois    .         Reflect  .   y - +0 helmet {SInv}
rElec    .         Harm     .   (no cloak)
rCorr    .                      (no gloves)
MR       +....                  r - +1 pair of boots
Stlth    +.........             (no amulet)
HPRegen  0.22/turn              (no ring)
MPRegen  0.11/turn              (no ring)

@: flying
A: no striking features
a: no special abilities


You were on level 5 of the Dungeon.
You visited 2 branches of the dungeon, and saw 6 of its levels.

You collected 317 gold pieces.

Inventory:

Hand Weapons
 a - a +0 spear (weapon)
 o - a +0 dagger of draining
Missiles
 e - 7 javelins
 w - 8 datura-tipped darts (quivered)
Armour
 j - a +1 ring mail of magic resistance (worn)
 r - a +1 pair of boots (worn)
 y - a +0 helmet of see invisible (worn)
Jewellery
 b - an uncursed ring of ice {unknown}
 x - an uncursed ring of positive energy {unknown}
Wands
 d - a wand of paralysis (7)
 A - a wand of polymorph (8)
 B - a wand of iceblast (6)
Scrolls
 f - a scroll of enchant weapon {unknown}
 i - 6 scrolls of remove curse
 k - 4 scrolls of identify {unknown}
 l - 5 scrolls of teleportation {unknown}
 p - a scroll of enchant armour {unknown}
 u - a scroll of noise {unknown}
 C - a scroll of brand weapon {unknown}
Potions
 c - a potion of cancellation
 g - a potion of flight
 h - 2 potions of haste {unknown}
 m - 4 potions of stabbing
 n - 2 potions of invisibility {unknown}
 q - a potion of mutation {unknown}
 t - a potion of brilliance
 v - a potion of magic {unknown}
 z - a potion of degeneration {unknown}


   Skills:
 * Level 7.4 Fighting
 + Level 5.3 Polearms
 + Level 2.9 Throwing
 + Level 3.9 Armour
 - Level 3.0 Dodging
 - Level 1.5 Stealth


You had 7 spell levels left.
You didn't know any spells.
Your spell library contained the following spells:

 Spells                   Type           Power        Failure   Level
 Magic Dart               Conj           #...         56%         1
 Blink                    Tloc           N/A          71%         2
 Call Imp                 Summ           #.......     71%         2
 Slow                     Hex            #.......     71%         2
 Conjure Flame            Conj/Fire      #.......     90%         3
 Mephitic Cloud           Conj/Pois/Air  #.......     90%         3


Dungeon Overview and Level Annotations

Branches:
Dungeon (5/15)             Temple (1/1) D:4

Altars:
Ashenzari
Cheibriados
Dithmenos
Fedhas
Gozag
Hepliaklqana
Kikubaaqudgha
Makhleb
Nemelex Xobeh
Okawaru
Qazlal
Ru
Sif Muna
Trog
Uskayaw
Xom
Yredelemnul
Zin
The Shining One


Message History

You hit the centaur warrior but do no damage.
The centaur warrior is heavily wounded.
The centaur warrior hits you.
* * * LOW HITPOINT WARNING * * *
You hit the centaur warrior.
The centaur warrior is heavily wounded.
The centaur warrior hits you.
* * * LOW HITPOINT WARNING * * *
You feel better.
The centaur warrior hits you but does no damage.
The centaur warrior hits you.
* * * LOW HITPOINT WARNING * * *
It was a potion of cancellation.
You feel magically purged.
The centaur warrior hits you but does no damage.
It was a potion of flight.
You feel very buoyant.
You fly up into the air.
The centaur warrior hits you.
* * * LOW HITPOINT WARNING * * *
The centaur warrior hits you!
You die...

#...............#[#
#.## ######
#.#.#.............#
#.## .....#
##.#.#.###.####...##
#.## ####.####....#.#
#.........# #.##
#............#.#
######...## #.##
#.##.#########.#
##.## #.##
#.##.##....# #.# #.#
##.##
#.##.##.88.#######
#.####.#.#
#.##.##.88.##...@#
#.....###.
#.##..'....#.####c(#
######>#.#
#.########'#.# ..#
##)## #.# ### #..#.#
### ###.#
#.###.###..#.##
#########...##
.......#.####†#
#..(>.........
#.###.##.#
#.###..#########.####
#.# #.##.# #.#$(# #)#
..# #.##.####.#c?#
####.#


You could see a centaur warrior.

Vanquished Creatures
  Grinder (D:5)
  Duvessa (D:4)
  A lemure (D:5)
  A jelly (D:5)
  An orc priest (D:5)
  3 hounds
  3 orc wizards (D:5)
  2 worker ants (D:4)
  A gnoll (D:5)
  3 adders
  A shadow imp (D:5)
  An ufetubus (D:5)
  2 worms
  A dart slug (D:3)
  4 leopard geckos
  4 orcs
  2 ball pythons
  5 giant cockroaches
  7 hobgoblins
  2 jackals (D:2)
  6 kobolds
  10 bats
  9 frilled lizards
  7 goblins
  5 rats
83 creatures vanquished.

Vanquished Creatures (collateral kills)
  Pikel (D:4)
  2 lemures (D:4)
  Dowan (D:4)
4 creatures vanquished.

Grand Total: 87 creatures vanquished

Notes
Turn   | Place    | Note
-------+----------+-------------------------------------------
     0 | D:1      | Bikalo the Hill Orc Monk began the quest for the Orb.
     0 | D:1      | Reached XP level 1. HP: 19/19 MP: 1/1
   354 | D:1      | Reached XP level 2. HP: 25/27 MP: 2/2
   372 | D:1      | Reached skill level 4 in Fighting
   797 | D:1      | Reached XP level 3. HP: 32/33 MP: 3/3
  1703 | D:2      | Found a faded altar of an unknown god.
  1936 | D:2      | Reached XP level 4. HP: 41/41 MP: 4/4
  1954 | D:2      | Reached skill level 1 in Armour
  2363 | D:3      | Found a shimmering blue altar of Sif Muna.
  2384 | D:3      | Found a sparkling altar of Nemelex Xobeh.
  2788 | D:4      | Noticed Dowan
  2792 | D:4      | Noticed Duvessa
  2795 | D:4      | Reached skill level 5 in Fighting
  2795 | D:4      | Reached skill level 1 in Throwing
  2795 | D:4      | Reached XP level 5. HP: 44/48 MP: 5/5
  2876 | D:4      | Killed Dowan
  2921 | D:4      | HP: 2/48 [Duvessa/+3 rapier of holy wrath (9)]
  3314 | D:4      | Killed Duvessa
  3314 | D:4      | Reached XP level 6. HP: 56/56 MP: 6/6
  3494 | D:4      | Found a staircase to the Ecumenical Temple.
  3509 | Temple   | Entered the Ecumenical Temple
  3901 | D:4      | Noticed Pikel
  3937 | D:5      | Entered Level 5 of the Dungeon
  4470 | D:4      | Killed Pikel
  4470 | D:4      | Reached skill level 6 in Fighting
  5093 | D:5      | Found a stormy altar of Qazlal.
  5275 | D:5      | Reached XP level 7. HP: 51/64 MP: 7/7
  5400 | D:5      | Noticed Grinder
  5444 | D:5      | Killed Grinder
  5444 | D:5      | Reached skill level 7 in Fighting
  5444 | D:5      | Reached skill level 5 in Polearms
  6290 | D:5      | Reached XP level 8. HP: 71/73 MP: 8/8
  6308 | D:5      | Noticed a centaur warrior
  6354 | D:5      | Slain by a centaur warrior

Illustrated notes

Levels and vault maps discovered:
D:1:      lightli_arrival_statuegarden, layout_loops_ring
D:2:      kennysheep_big_flooded_room, layout_rooms,
          chequers_ecumenical_altar_grove
D:3:      layout_loops_cross, old_standard_altar,
          nemelex_xobeh_ov_fountains_minmay
D:4:      layout_gridville, minmay_temple_entry_glass, uniq_duvessa, uniq_pikel
D:5:      minmay_chambers_of_fours, layout_loops_ring, old_standard_altar,
          minivault_25, uniq_grinder
Temple:   regret_index_temple_sphere_string

Skill      XL: |  1  2  3  4  5  6  7 |
---------------+----------------------+-----
Fighting       | 4 5 6 7 |  7.4
Armour         | 1 2 3 |  3.9
Polearms       | 4 5 |  5.3
Throwing       | 1 2 |  2.9
Dodging        | 3 |  3.0
Stealth        | |  1.5

Action                   |  1- 3 |  4- 6 |  7- 9 || total
-------------------------+-------+-------+-------++-------
Melee: Spear             |   156 |   255 |   193 ||   604
Throw: Javelin           |       |     4 |       ||     4
       Dart              |       |     7 |       ||     7
  Use: Scroll            |     1 |       |       ||     1
       Potion            |       |     5 |     3 ||     8
 Stab: Sleeping          |     5 |     3 |       ||     8
       Distracted        |     2 |       |       ||     2
Armor: Robe              |    17 |       |       ||    17
       Ring mail         |    21 |    73 |    56 ||   150
Dodge: Dodged            |    73 |   104 |    78 ||   255

Table legend: (Time is in decaauts)
 A = Elapsed time spent in this place.
 B = Non-inter-level travel time spent in this place.
 C = Inter-level travel time spent in this place.
 D = Time resting spent in this place.
 E = Time spent auto-exploring this place.
 F = Levels seen in this place.
 G = Mean time per level.
                   A        B        C        D        E       F      G
               +--------+--------+--------+--------+--------+-----+--------+
         Total |   6294 |   6113 |    181 |   1563 |   3562 |   6 | 1049.0 |
       Dungeon |   6131 |   5978 |    153 |   1563 |   3428 |   5 | 1226.2 |
        Temple |    162 |    134 |     28 |      0 |    134 |   1 |  162.0 |
               +--------+--------+--------+--------+--------+-----+--------+

Top non-repeatable levels by time:
     D:5: 1600 daAuts
     D:4: 1396 daAuts
     D:1: 1153 daAuts
     D:3: 1131 daAuts
     D:2: 849 daAuts
  Temple: 162 daAuts
